 Dungeon Crawl Stone Soup version 0.25.1-9-gc5326a611f (webtiles) character file.

Game seed: 41348109395955863

131 RETERIOR the Charmwright (level 5, 0/43 HPs)
             Began as a Gnoll Skald on Jan 2, 2021.
             Slain by Sigmund
             ... wielding a +0 scythe
              (2 damage)
             ... on level 3 of the Dungeon.
             The game lasted 00:10:02 (2275 turns).

RETERIOR the Charmwright (Gnoll Skald)              Turns: 2275, Time: 00:10:02

Health: 0/43       AC: 11    Str: 15    XL:     5   Next: 14%
Magic:  12/12      EV: 10    Int: 15    God:
Gold:   81         SH:  4    Dex: 14    Spells: 13/14 levels left

rFire    x . .     SeeInvis .   a - +0 hand axe
rCold    + + .     Gourm    .   e - +0 buckler
rNeg     . . .     Faith    .   o - +0 ice dragon scales
rPois    .         Spirit   .   (no helmet)
rElec    .         Reflect  .   (no cloak)
rCorr    .         Harm     .   c - +0 pair of gloves
MR       .....                  (no boots)
Stlth    ..........             (no amulet)
HPRegen  0.14/turn              (no ring)
MPRegen  0.13/turn              (no ring)

@: very slightly contaminated
A: distributed training, fangs 1, strong nose
a: no special abilities


You were on level 3 of the Dungeon.
You were not hungry.

You visited 1 branch of the dungeon, and saw 3 of its levels.

You collected 81 gold pieces.

Inventory:

Hand Weapons
 a - a +0 hand axe (weapon)
 g - a +0 hand axe
Missiles
 s - 13 poisoned darts (quivered)
Armour
 b - a +0 leather armour
 c - a +0 pair of gloves (worn)
 e - a +0 buckler (worn)
 f - a +0 chain mail
 h - a +0 ring mail
 o - +0 ice dragon scales (worn)
Wands
 q - a wand of enslavement (5)
Scrolls
 m - a scroll of identify
 p - a scroll of teleportation
Potions
 k - a potion of invisibility {unknown}
 n - a potion of flight {unknown}
 r - a potion of magic {unknown}
Comestibles
 d - 6 rations


   Skills:
 + Level 4.7 Fighting
 + Level 1.3 Short Blades
 + Level 1.3 Long Blades
 + Level 4.7 Axes
 + Level 1.3 Maces & Flails
 + Level 1.3 Polearms
 + Level 1.3 Staves
 + Level 1.3 Slings
 + Level 1.3 Bows
 + Level 1.3 Crossbows
 + Level 1.3 Throwing
 + Level 2.9 Armour
 + Level 4.7 Dodging
 + Level 1.3 Stealth
 + Level 1.3 Shields
 + Level 1.3 Unarmed Combat
 + Level 5.1 Spellcasting
 + Level 1.1 Conjurations
 + Level 1.1 Hexes
 + Level 5.5 Charms
 + Level 1.1 Summonings
 + Level 1.1 Necromancy
 + Level 1.1 Translocations
 + Level 1.1 Transmutations
 + Level 1.1 Fire Magic
 + Level 1.1 Ice Magic
 + Level 1.1 Air Magic
 + Level 1.1 Earth Magic
 + Level 1.1 Poison Magic
 + Level 1.5 Invocations
 + Level 1.3 Evocations


You had 13 spell levels left.
You knew the following spells:

 Your Spells              Type           Power        Failure   Level  Hunger
a - Infusion              Chrm           ###.         12%         1    None

Your spell library contained the following spells:

 Spells                   Type           Power        Failure   Level  Hunger
 Song of Slaying          Chrm           ###.....     19%         2    ##.....
 Shroud of Golubria       Chrm/Tloc      ##....       41%         2    ##.....
 Ozocubu's Armour         Chrm/Ice       ##......     65%         3    ###....
 Spectral Weapon          Hex/Chrm       ##......     65%         3    ###....


Dungeon Overview and Level Annotations

Branches:
Dungeon (3/15)

Altars:
Cheibriados
Fedhas
Zin

Annotations:
D:3 Sigmund


Innate Abilities, Weirdness & Mutations

Your experience applies equally to all skills.
You have very sharp teeth.
Your uncanny sense of smell can sniff out nearby items.


Message History

Okay, then.
Aiming: Enslavement
Press: ? - help, Shift-Dir - straight line, f - Sigmund, p - jackal
Aim: Sigmund, wielding a +0 scythe and wearing a +0 robe (moderately wounded, charmed, slightly transparent, friendly, chance to defeat MR: 58%) Sigmund is no longer charmed.
You can no longer detect the Sigmund.
Nothing appears to happen.
Your jackal bites the jackal.
The jackal closely misses your jackal. The jackal barely misses your jackal.
Your jackal bites the jackal.
The jackal closely misses your jackal.
The jackal completely misses your jackal.
Your jackal bites the jackal but does no damage.
Found a stone staircase leading down.
You see here a jackal corpse.
The jackal bites your jackal. The jackal barely misses your jackal.
Something hits you but does no damage.
Deactivating autopickup; reactivate with Ctrl-A.
Your jackal barely misses the jackal.
The jackal barely misses your jackal. The jackal bites your jackal.
Your jackal closely misses the jackal.
The jackal bites your jackal but does no damage. x2
Something hits you.
You die...

.. #..@...#......# .#
##......#......#
.########...%..##......#
..........P.P......###.#
..........._.......## #
(.....§...P.P.......# #
(...............{.#.##.###
(.#########..............#
..#### #.....@.†..# .....#
########.hh# ####.# ###h#
# ... ..# ..# .# ∆ ∆ >'


You could see 2 jackals and a friendly jackal (charmed).

Vanquished Creatures
  An orc wizard (D:3)
  Ijyb (D:3)
  An adder (D:3)
  2 worms
  4 dart slugs
  A leopard gecko (D:1)
  3 orcs (D:3)
  2 giant cockroaches (D:1)
  6 goblins
  8 hobgoblins
  3 jackals
  3 kobolds
  4 bats (D:1)
  3 frilled lizards
  10 rats
52 creatures vanquished.

Notes
Turn   | Place    | Note
-------+----------+-------------------------------------------
     0 | D:1      | RETERIOR the Gnoll Skald began the quest for the Orb.
     0 | D:1      | Reached XP level 1. HP: 20/20 MP: 6/6
   174 | D:1      | Reached XP level 2. HP: 24/26 MP: 7/7
   617 | D:1      | Reached XP level 3. HP: 22/31 MP: 9/9
   843 | D:1      | Reached skill level 5 in Spellcasting
   965 | D:2      | Found a snail-covered altar of Cheibriados.
  1201 | D:2      | Reached skill level 1 in Invocations
  1524 | D:2      | Found a glowing silver altar of Zin.
  1922 | D:3      | Reached skill level 1 in Short Blades
  1922 | D:3      | Reached skill level 1 in Long Blades
  1922 | D:3      | Reached skill level 1 in Maces & Flails
  1922 | D:3      | Reached skill level 1 in Polearms
  1922 | D:3      | Reached skill level 1 in Staves
  1922 | D:3      | Reached skill level 1 in Slings
  1922 | D:3      | Reached skill level 1 in Bows
  1922 | D:3      | Reached skill level 1 in Crossbows
  1922 | D:3      | Reached skill level 1 in Throwing
  1922 | D:3      | Reached skill level 1 in Stealth
  1922 | D:3      | Reached skill level 1 in Shields
  1922 | D:3      | Reached skill level 1 in Unarmed Combat
  1922 | D:3      | Reached skill level 1 in Evocations
  1922 | D:3      | Noticed Ijyb
  1930 | D:3      | Reached XP level 4. HP: 34/38 MP: 4/11
  1935 | D:3      | Killed Ijyb
  2074 | D:3      | Reached skill level 1 in Conjurations
  2074 | D:3      | Reached skill level 1 in Hexes
  2074 | D:3      | Reached skill level 1 in Summonings
  2074 | D:3      | Reached skill level 1 in Necromancy
  2074 | D:3      | Reached skill level 1 in Translocations
  2074 | D:3      | Reached skill level 1 in Transmutations
  2074 | D:3      | Reached skill level 1 in Fire Magic
  2074 | D:3      | Reached skill level 1 in Ice Magic
  2074 | D:3      | Reached skill level 1 in Air Magic
  2074 | D:3      | Reached skill level 1 in Earth Magic
  2074 | D:3      | Reached skill level 1 in Poison Magic
  2089 | D:3      | Reached XP level 5. HP: 36/43 MP: 4/12
  2171 | D:3      | Found a blossoming altar of Fedhas.
  2181 | D:3      | Noticed Sigmund
  2209 | D:3      | HP: 2/43 [Sigmund/magic dart (7)]
  2258 | D:3      | HP: 2/43 [Sigmund/+0 scythe (7)]
  2269 | D:3      | HP: 1/43 [jackal (2)]
  2275 | D:3      | Slain by Sigmund

Illustrated notes

Levels and vault maps discovered:
D:1:      lemuel_arrival_tunnels, layout_basic
D:2:      layout_loops_ring, old_standard_altar, lemuel_round_altar,
          first_ration
D:3:      layout_basic, fedhas_altar_1, uniq_ijyb, uniq_sigmund, uniq_jessica

Skill      XL: |  1  2  3  4 |
---------------+-------------+-----
Spellcasting   | 5 |  5.1
Invocations    | 1 |  1.5
Short Blades   | 1 |  1.3
Long Blades    | 1 |  1.3
Maces & Flails | 1 |  1.3
Polearms       | 1 |  1.3
Staves         | 1 |  1.3
Slings         | 1 |  1.3
Bows           | 1 |  1.3
Crossbows      | 1 |  1.3
Throwing       | 1 |  1.3
Stealth        | 1 |  1.3
Shields        | 1 |  1.3
Unarmed Combat | 1 |  1.3
Evocations     | 1 |  1.3
Conjurations   | 1 |  1.1
Hexes          | 1 |  1.1
Summonings     | 1 |  1.1
Necromancy     | 1 |  1.1
Translocations | 1 |  1.1
Transmutations | 1 |  1.1
Fire Magic     | 1 |  1.1
Ice Magic      | 1 |  1.1
Air Magic      | 1 |  1.1
Earth Magic    | 1 |  1.1
Poison Magic   | 1 |  1.1
Fighting       | |  4.7
Axes           | |  4.7
Armour         | |  2.9
Dodging        | |  4.7
Charms         | |  5.5

Action                   |  1- 3 |  4- 6 || total
-------------------------+-------+-------++-------
Melee: Hand axe          |   105 |    34 ||   139
       Bite              |    10 |     4 ||    14
Throw: Dart              |       |     1 ||     1
 Cast: Infusion          |     9 |     2 ||    11
Evoke: Wand              |       |     4 ||     4
  Use: Scroll            |     1 |     3 ||     4
       Potion            |       |     2 ||     2
  Eat: Chunk             |     2 |       ||     2
       Ration            |       |     1 ||     1
Armor: Leather armour    |    21 |       ||    21
       Ice dragon scales |     6 |     9 ||    15
Dodge: Dodged            |    63 |    19 ||    82
Block: Buckler           |    19 |     7 ||    26
